 Dungeon Crawl Stone Soup version 0.31.0-32-g396128a36d (webtiles) character file.

Game seed: 468697019122735080

1054 Silvore the Cudgeller (level 8, -1/69 HPs)
             Began as a Minotaur Fighter on Apr 23, 2024.
             Slain by a gnoll bouda
             ... wielding a +0 whip
              (2 damage)
             ... on level 5 of the Dungeon.
             The game lasted 00:04:00 (4251 turns).

Silvore the Cudgeller (Minotaur Fighter)            Turns: 4251, Time: 00:04:00

Health: -1/69      AC: 14    Str: 23    XL:     8   Next: 5%
Magic:  7/7        EV:  8    Int:  5    God:
Gold:   291        SH:  6    Dex: 10    Spells: 7/7 levels left

rFire   . . .        a - +0 flail
rCold   + . .        c - +1 buckler
rNeg    . . .        f - +0 chain mail
rPois   .            (helmet restricted)
rElec   .            (no cloak)
rCorr   +            (no gloves)
SInv    +            h - +3 pair of mountain boots {steadfast, rC+}
Will    .....        (no amulet) Stlth
                     e - ring of resist corrosion
HPRegen 0.31/turn    m - ring of see invisible
MPRegen 0.10/turn

%: no passive effects
@: no status effects
A: horns 2, retaliatory headbutt
a: no special abilities


You were on level 5 of the Dungeon.
You visited 1 branch of the dungeon, and saw 5 of its levels.

You collected 291 gold pieces.

Inventory:

Hand Weapons
 a - a +0 flail (weapon)
Armour
 c - a +1 buckler (worn)
 f - a +0 chain mail (worn)
 h - the +3 pair of mountain boots (worn) {steadfast, rC+}
   (You acquired it on level 4 of the Dungeon)

   Steadfast: It prevents involuntary movement, except for blinking,
   teleportation, or banishment.
   rC+:       It protects you from cold.
Jewellery
 e - a ring of resist corrosion (left hand)
 m - a ring of see invisible (right hand)
Wands
 b - a wand of polymorph (8)
 i - a wand of quicksilver (8)
Scrolls
 d - a scroll of enchant weapon {unknown}
 j - 5 scrolls of identify
 o - a scroll of torment
 q - a scroll of poison
 r - a scroll of enchant armour
Potions
 g - a potion of haste
 k - a potion of attraction
 l - 2 potions of curing
 n - a potion of cancellation
 p - a potion of lignification {unknown}


   Skills:
 + Level 5.4 Fighting
 + Level 7.1 Maces & Flails
 + Level 7.0 Armour
 + Level 1.5 Dodging
 + Level 1.4 Stealth
 + Level 5.5 Shields


You had 7 spell levels left.
You didn't know any spells.
Your spell library contained the following spells:

 Spells                   Type           Power      Damage    Failure   Level
 Apportation              Tloc           0%         N/A       97%         1
 Kiss of Death            Conj/Necr      0%         2d5       97%         1
 Magic Dart               Conj           0%         1d3       97%         1
 Blink                    Tloc           0%         N/A       99%         2
 Call Imp                 Summ           0%         N/A       99%         2
 Ensorcelled Hibernation  Hex/Ice        0%         N/A       99%         2
 Jinxbite                 Hex            0%         N/A       99%         2
 Confusing Touch          Hex            0%         N/A       100%        3
 Fugue of the Fallen      Necr           0%         N/A       100%        3
 Passwall                 Erth           0%         N/A       100%        3
 Swiftness                Air            0%         N/A       100%        3
 Anguish                  Hex/Necr       0%         N/A       100%        4
 Dispel Undead            Necr           0%         3d6       100%        4
 Alistair's Intoxication  Alch           0%         N/A       100%        5


Dungeon Overview and Level Annotations

Branches:
Dungeon (5/15)
 Temple: D:4-7

Altars:
Gozag
Okawaru
Uskayaw
Vehumet
Wu Jian
Yredelemnul


Innate Abilities, Weirdness & Mutations

You have a pair of horns on your head.
You reflexively headbutt those who attack you in melee.


Message History

The gnoll barely misses you.
The gnoll pulls away from the web.
You barely miss the gnoll bouda.
The gnoll is no longer moving quickly.
The gnoll bouda hits you with a +0 whip.
The gnoll hits you but does no damage.
You hit the gnoll bouda.
The gnoll bouda is lightly wounded.
The gnoll is no longer moving quickly.
The gnoll bouda hits you but does no damage.
The gnoll hits you but does no damage.
The gnoll bouda hits you with a +0 whip.
* * * LOW HITPOINT WARNING * * *
It was a potion of haste.
You feel yourself speed up. You block the gnoll's attack.
You block the gnoll bouda's attack.
It was a potion of cancellation.
Your magical effects are unravelling.
You feel magically purged.
You feel yourself slow down.
Your attacks no longer feel as feeble.
You block the gnoll's attack.
You closely miss the gnoll bouda.
You headbutt the gnoll bouda, but do no damage.
The gnoll bouda is lightly wounded.
The gnoll bouda barks out a call to the hunt!
The gnolls pick up the pace!
You block the gnoll's attack.
You barely miss the gnoll bouda. Your headbutt misses the gnoll bouda.
The gnoll bouda is lightly wounded.
The gnoll bouda hits you with a +0 whip!
* * * LOW HITPOINT WARNING * * *
The gnoll hits you from afar with a +0 halberd.
* * * LOW HITPOINT WARNING * * *
You hit the gnoll bouda. Your headbutt misses the gnoll bouda.
The gnoll bouda is moderately wounded.
The gnoll bouda hits you with a +0 whip.
* * * LOW HITPOINT WARNING * * *
The gnoll hits you from afar with a +0 halberd.
* * * LOW HITPOINT WARNING * * *
You hit the gnoll bouda.
The gnoll bouda is heavily wounded.
The gnoll bouda hits you with a +0 whip.
You die...

#...>.... ##.#.###.
#.#.# #. #...###.
###### ####.##.
##...†## #...#.
+†..#^.# #.....
##.###.# #...##
#.#.#@## ##.##
#.#.##g## ###
####...##gg#
#####+#
#.......##gg..#
....#.#
#.####.###.^..# #
....#.# #.# #.#
###...^ ##
....#.###.####.#
^...# #####.
............##.#
)..... #.....
........#.....[####
..... ####..


You could see a gnoll bouda and 4 gnolls.

Vanquished Creatures
  The ghost of booth the Cudgeller, an amateur GrMo (D:4)
  Duvessa (D:5)
  An ogre (D:5)
  5 scorpions (D:5)
  Dowan (D:5)
  A bombardier beetle (D:4)
  A scorpion zombie (D:3)
  2 sleepcaps (D:5)
  A hound skeleton (D:3)
  A gnoll (D:5)
  11 adders
  4 ufetubi (D:5)
  2 adder skeletons (D:3)
  2 adder zombies (D:3)
  4 dart slugs
  2 orcs
  3 ball pythons
  6 endoplasms
  3 giant cockroaches
  5 goblins
  10 hobgoblins
  6 jackals
  A quokka (D:5)
  14 bats
  A frilled lizard (D:2)
  A jackal zombie (D:3)
  6 kobolds
  A quokka zombie (D:3)
  A rat (D:2)
98 creatures vanquished.

Notes
Turn   | Place    | Note
-------+----------+-------------------------------------------
     0 | D:1      | Silvore the Minotaur Fighter began the quest for the Orb.
     0 | D:1      | Reached XP level 1. HP: 19/19 MP: 0/0
   283 | D:1      | Reached XP level 2. HP: 27/27 MP: 1/1
   780 | D:2      | Reached XP level 3. HP: 33/33 MP: 2/2
  1360 | D:3      | Reached XP level 4. HP: 41/41 MP: 3/3
  1520 | D:3      | Reached skill level 5 in Armour
  1828 | D:3      | Reached XP level 5. HP: 45/47 MP: 4/4
  2386 | D:4      | Found an iron altar of Okawaru.
  2433 | D:4      | Found an ornate altar of the Wu Jian Council.
  2555 | D:4      | Found a runed translucent gate.
  2555 | D:4      | Found a runed translucent gate.
  2556 | D:4      | Found a runed translucent gate.
  2559 | D:4      | Noticed booth's ghost (amateur GrMo)
  2584 | D:4      | Killed booth's ghost
  2585 | D:4      | Reached XP level 6. HP: 26/53 MP: 5/5
  2746 | D:4      | Found an opulent altar of Gozag.
  2762 | D:4      | Reached skill level 5 in Shields
  2978 | D:4      | Reached skill level 1 in Dodging
  2980 | D:4      | Reached skill level 5 in Maces & Flails
  2997 | D:4      | Found a hide-covered altar of Uskayaw.
  3043 | D:4      | Identified a scroll of acquirement
  3043 | D:4      | Acquired the +3 pair of mountain boots {steadfast, rC+}
  3043 | D:4      | Found the +3 pair of mountain boots {steadfast, rC+}
  3089 | D:5      | Entered Level 5 of the Dungeon
  3231 | D:5      | Found a radiant altar of Vehumet.
  3248 | D:5      | Noticed Duvessa
  3248 | D:5      | Noticed Dowan
  3259 | D:5      | Killed Dowan
  3260 | D:5      | Reached skill level 5 in Fighting
  3260 | D:5      | Reached XP level 7. HP: 60/61 MP: 6/6
  3267 | D:5      | Killed Duvessa
  3454 | D:5      | Found a basalt altar of Yredelemnul.
  4225 | D:5      | Reached skill level 1 in Stealth
  4225 | D:5      | Reached XP level 8. HP: 37/69 MP: 7/7
  4250 | D:5      | HP: 1/69 [gnoll/+0 halberd[a gnoll bouda] (3)]
  4251 | D:5      | Slain by a gnoll bouda

Illustrated notes

Levels and vault maps discovered:
D:1:      dpeg_arrival_tiny_i, layout_loops_ring
D:2:      layout_loops_ring
D:3:      layout_loops_corners, serial_undead, serial_undead_c, serial_undead_e,
          serial_undead_d, serial_undead_c, serial_undead_e
D:4:      layout_basic, okawaru_ov_weapons_minmay, nicolae_wu_jian_wuxing_cycle,
          lemuel_crystal_altar, nicolae_uskayaw_suspiria,
          ebering_ghost_rock_garden
D:5:      old_forge, layout_loops_corners, mainiacjoe_overflow_alcove_4,
          lemuel_round_altar, xom_confusion_cloud, uniq_duvessa

Skill      XL: |  1  2  3  4  5  6  7 |
---------------+----------------------+-----
Shields        | 4 5 |  5.5
Armour         | 4 5 6 7 |  7.0
Fighting       | 4 5 |  5.4
Maces & Flails | 3 4 5 7 |  7.1
Dodging        | 1 |  1.5
Stealth        | 1 |  1.4

Action                     |  1- 3 |  4- 6 |  7- 9 || total
---------------------------+-------+-------+-------++-------
  Melee: Flail             |    72 |   117 |    91 ||   280
         Headbutt          |    11 |    17 |    17 ||    45
    Use: Scroll            |     4 |     8 |       ||    12
         Potion            |       |       |     4 ||     4
 Armour: Scale mail        |    12 |       |       ||    12
         Chain mail        |    36 |    85 |    87 ||   208
  Dodge: Dodged            |    26 |    37 |    37 ||   100
  Block: Buckler           |    18 |    17 |    32 ||    67
